 Dungeon Crawl Stone Soup version 0.31.0-32-g396128a36d (webtiles) character file.

Game seed: 6924930113301395569

193 monsoonserge the Cudgeller (level 5, -4/36 HPs)
             Began as an Octopode Cinder Acolyte on Apr 5, 2024.
             Was a High Priest of Ignis.
             Slain by an orc
             ... wielding a +0 flail
              (5 damage)
             ... on level 4 of the Dungeon.
             The game lasted 00:05:49 (2940 turns).

monsoonserge the Cudgeller (OpCA)                   Turns: 2940, Time: 00:05:49

Health: -4/36      AC:  1    Str: 15    XL:     5   Next: 72%
Magic:  11/15      EV: 12    Int: 16    God:    Ignis [*****.]
Gold:   96         SH:  0    Dex:  8    Spells: 4/6 levels left

rFire   + . .        a - -1 mace (flame)
rCold   . . .        (no shield)
rNeg    . . .        (helmet currently unavailable)
rPois   .            (no amulet)
rElec   .            b - ring of magical power
rCorr   .            (no ring)
SInv    .            (no ring)
Will    .....        (no ring)
Stlth   +++          (no ring)
HPRegen 0.26/turn    (no ring)
MPRegen 0.14/turn    (no ring)
                     (no ring)

%: no passive effects
@: beast-form
A: beast (slay +0), almost no armour, amphibious, 8 rings, camouflage 1,
gelatinous body 1, (nimble swimmer 1), tentacles
a: Begin Untransformation, Renounce Religion, Fiery Armour, Foxfire Swarm,
Rising Flame


You were on level 4 of the Dungeon.
You worshipped Ignis.
Ignis was extremely pleased with you.
You were a hulking beast.
You visited 1 branch of the dungeon, and saw 4 of its levels.

You collected 96 gold pieces.

Inventory:

Hand Weapons
 a - a -1 mace of flaming (weapon)
Missiles
 l - 6 poisoned darts (quivered)
Jewellery
 b - a ring of magical power (left tentacle)
 f - a ring of resist corrosion
Talismans
 m - a beast talisman (active)
Scrolls
 c - a scroll of enchant weapon {unknown}
 d - a scroll of noise {unknown}
 e - 3 scrolls of teleportation {unknown}
 g - a scroll of enchant armour {unknown}
 h - a scroll of vulnerability {unknown}
 i - 2 scrolls of torment {unknown}
 j - 3 scrolls of identify {unknown}
 n - a scroll of fear {unknown}
Potions
 k - 2 potions of curing {unknown}
 o - a potion of degeneration {unknown}


   Skills:
 + Level 3.4 Fighting
 + Level 4.2 Maces & Flails
 + Level 0.9 Dodging
 + Level 3.6 Stealth
 - Level 1.0 Unarmed Combat
 + Level 1.2 Spellcasting
 + Level 3.4 Fire Magic
 * Level 0.8 Shapeshifting


You had 4 spell levels left.
You knew the following spells:

 Your Spells              Type           Power      Damage    Failure   Level
a - Scorch                Fire           24%        2d6       9%          2

Your spell library contained the following spells:

 Spells                   Type           Power      Damage    Failure   Level


Dungeon Overview and Level Annotations

Branches:
Dungeon (4/15)
 Temple: D:4-7

Altars:
Dithmenos

Annotations:
D:3 2 transporters, Qmswy's ghost, amateur HOFi


Innate Abilities, Weirdness & Mutations

You are a hulking beast.
Your limbs bulge with bestial killing power. (Slay +0)
You cannot wear most types of armour.
You are amphibious.
You can wear up to eight rings at the same time.
Your skin changes colour to match your surroundings (Stealth+).
Your rubbery body absorbs attacks. (AC +1, EV +1)
((You are camouflaged when in or above water. (Stealth+)))
You have tentacles for arms and can constrict up to eight enemies at once.


Message History

Found a scroll labelled ROILIERUUG.
There is a stone staircase leading up here.
An orc comes into view. It is wielding a +0 hand axe.
j - 3 scrolls labelled ROILIERUUG (gained 1)
There are no items here. 2 orcs come into view.
The orc shouts! x3
Found 11 gold pieces.
The orc hits you with a +0 hand axe. The orc hits you with a +0 hand axe!
The orc hits you with a +0 flail! The orc misses you.
You closely miss the orc. You grab the orc. You constrict the orc.
The orc hits you with a +0 hand axe. The orc closely misses you.
The orc hits you with a +0 flail.
* * * LOW HITPOINT WARNING * * *
Unknown command.
You closely miss the orc. You grab the orc. You constrict the orc. x2
The orc hits you with a +0 hand axe.
* * * LOW HITPOINT WARNING * * *
The orc closely misses you. The orc misses you.
Unknown command.
You hit the orc. You burn the orc. Your grab misses the orc.
Your squeeze misses the orc.
The orc is moderately wounded.
You constrict the orc. x2
You kill the orc!
The orc hits you with a +0 hand axe.
* * * LOW HITPOINT WARNING * * *
The orc completely misses you.
Casting: Scorch (safe; 9% risk of failure)
Confirm with . or Enter, or press ? or * to list all spells.
Flames lash the orc.
The orc is heavily wounded.
The orc's fire resistance burns away.
You constrict the orc. The orc barely misses you. x2
Casting: Scorch (safe; 9% risk of failure)
Confirm with . or Enter, or press ? or * to list all spells.
Flames lash the orc.
You kill the orc!
The orc hits you with a +0 flail.
You die...

## .$. .... ....#
#...#+####+###
#.......#...#
#.......#...#
#....h).#...#
#...o)..#...#
#.####.###..#
#.####.###..###
##.............#
#..............#
#....<.........#
#...#.##..##...##
.... #. #+#######


You could see an orc (combustible).

Vanquished Creatures
  An orc priest (D:3)
  7 adders
  A white imp (D:3)
  2 ribbon worms
  10 orcs
  8 ball pythons
  5 endoplasms
  3 giant cockroaches
  10 goblins
  8 hobgoblins
  6 kobolds
  4 quokkas
  4 bats
  6 frilled lizards
  3 rats
78 creatures vanquished.

Notes
Turn   | Place    | Note
-------+----------+-------------------------------------------
     0 | D:1      | monsoonserge the Octopode Cinder Acolyte began the quest
                  | for the Orb.
     0 | D:1      | Reached XP level 1. HP: 16/16 MP: 2/2
    78 | D:1      | Reached XP level 2. HP: 3/21 MP: 3/3
   468 | D:1      | Learned a level 2 spell: Scorch
   599 | D:1      | Reached XP level 3. HP: 18/26 MP: 4/4
   995 | D:2      | Reached skill level 1 in Stealth
  1470 | D:2      | Reached XP level 4. HP: 23/31 MP: 5/5
  1900 | D:3      | Reached skill level 4 in Maces & Flails
  2043 | D:3      | Found a transporter.
  2044 | D:3      | Identified the +3 ring mail "Goem Use" {*Corrode Regen+
                  | Str+6}
  2044 | D:3      | Noticed a gnoll sergeant
  2074 | D:3      | Found a transporter.
  2081 | D:3      | Noticed Qmswy's ghost (amateur HOFi)
  2360 | D:3      | Reached XP level 5. HP: 36/36 MP: 6/6
  2478 | D:3      | Reached skill level 1 in Unarmed Combat
  2646 | D:3      | Found a shadowy altar of Dithmenos.
  2938 | D:4      | HP: 1/36 [orc/+0 hand axe (6)]
  2940 | D:4      | Slain by an orc

Illustrated notes

Levels and vault maps discovered:
D:1:      minmay_arrival_solitary_statue, layout_basic, nicolae_titane
D:2:      layout_basic, nrook_mini_vaults, minmay_misc_feat_rugged,
          minivault_24, minmay_tiny_reverse_x
D:3:      layout_basic, nicolae_dithmenos_the_darkroom,
          gammafunk_ghost_gnarly_gnolls
D:4:      layout_gridville, zin_academy, mainiacjoe_overflow_six_doors_small,
          serial_shops, nicolae_shop_tiny_real_fake_doors,
          minmay_fire_ice_demons

Skill      XL: |  1  2  3  4  5 |
---------------+----------------+-----
Stealth        | 2 3 |  3.6
Maces & Flails | 4 |  4.2
Unarmed Combat | 1 |  1.0
Fighting       | |  3.4
Dodging        | |  0.9
Spellcasting   | |  1.2
Fire Magic     | |  3.4
Shapeshifting  | |  0.8

Action                     |  1- 3 |  4- 6 || total
---------------------------+-------+-------++-------
  Melee: Mace              |    80 |    73 ||   153
         Tentacles         |     8 |    14 ||    22
         Constrict         |    10 |    22 ||    32
         Punch             |       |     1 ||     1
   Cast: Scorch            |       |     4 ||     4
   Stab: Sleeping          |     8 |     4 ||    12
         Distracted        |     1 |     1 ||     2
 Armour: Skin              |    44 |    49 ||    93
  Dodge: Dodged            |    49 |    44 ||    93
   Form: Beast             |       |     1 ||     1
